 Dungeon Crawl Stone Soup version 0.25.1-2-g60ff931df9 (webtiles) character file.

Game seed: 8681605613149930291

74 Curus the Poker (level 4, -2/35 HPs)
             Began as a Merfolk Berserker on Aug 5, 2020.
             Was a Believer of Trog.
             Slain by a hound (5 damage)
             ... on level 4 of the Dungeon.
             The game lasted 00:05:09 (1343 turns).

Curus the Poker (Merfolk Berserker)                 Turns: 1343, Time: 00:05:09

Health: -2/35      AC:  5    Str: 17    XL:     4   Next: 30%
Magic:  4/4        EV: 11    Int:  7    God:    Trog [**....]
Gold:   40         SH:  0    Dex: 13    Spells: 3/3 levels left

rFire    . . .     SeeInvis .   a - +1 spear
rCold    . . .     Gourm    .   (no shield)
rNeg     . . .     Faith    .   d - +0 ring mail
rPois    .         Spirit   .   (no helmet)
rElec    .         Reflect  .   (no cloak)
rCorr    .         Harm     .   (no gloves)
MR       .....                  (no boots)
Stlth    +.........             (no amulet)
HPRegen  0.11/turn              (no ring)
MPRegen  0.09/turn              (no ring)

@: berserk cooldown, slowed, very slow
A: change form in water, swift swim, stealthy swim
a: Berserk, Trog's Hand, Renounce Religion


You were on level 4 of the Dungeon.
You worshipped Trog.
Trog was pleased with you.
You were not hungry.

You visited 1 branch of the dungeon, and saw 3 of its levels.

You collected 40 gold pieces.

Inventory:

Hand Weapons
 a - a +1 spear (weapon)
Armour
 b - a +0 animal skin
 d - a +0 ring mail (worn)
Jewellery
 e - an uncursed amulet of inaccuracy
Comestibles
 c - 3 rations
 f - a chunk of flesh


   Skills:
 - Level 3.2 Fighting
 + Level 7.3 Polearms
 - Level 1.3 Armour
 - Level 2.6 Dodging


You had 3 spell levels left.
You didn't know any spells.
Your spell library was empty.

Dungeon Overview and Level Annotations

Branches:
Dungeon (2/15)

Altars:
Trog


Message History

You are no longer berserk.
You are exhausted.
You feel yourself slow down.
f - a chunk of flesh;
f - 2 chunks of flesh (gained 1)
Things that are here:
a rat skeleton x2
Eat one of 2 chunks of flesh? (ye/n/q)
You eat one of the 2 chunks of flesh.
This raw flesh tastes terrible.
You start resting.
A hound comes into view.
You hit the hound.
The hound is moderately wounded.
The hound bites you but does no damage.
The moth of wrath goads the hound on!
The hound goes berserk!
The hound bites you.
You puncture the hound!
The hound is heavily wounded.
The hound bites you!
* * * LOW HITPOINT WARNING * * *
The hound bites you but does no damage. The hound bites you.
You die...

.. .#
####.####
##.......##
##.........##
#...........#
#..h.###....#
#..@##y##...#
#....###....#
##...÷.....#
#)..†_....#
##....).)##
###..)###
#####


You could see a moth of wrath and a hound (berserk).

Vanquished Creatures
  An orc wizard (D:2)
  An adder skeleton (D:4)
  A worm (D:4)
  2 dart slugs
  2 leopard geckos (D:1)
  3 orcs (D:2)
  3 hobgoblins (D:1)
  2 bats (D:1)
  3 frilled lizards
  4 goblins (D:1)
  6 kobolds
  7 rats
35 creatures vanquished.

Notes
Turn   | Place    | Note
-------+----------+-------------------------------------------
     0 | D:1      | Curus the Merfolk Berserker began the quest for the Orb.
     0 | D:1      | Reached XP level 1. HP: 18/18 MP: 1/1
   139 | D:1      | Reached skill level 5 in Polearms
   161 | D:1      | Reached XP level 2. HP: 24/24 MP: 2/2
   466 | D:1      | Reached skill level 6 in Polearms
   466 | D:1      | Reached XP level 3. HP: 19/29 MP: 3/3
   683 | D:1      | Reached ** piety under Trog
  1059 | D:2      | Reached skill level 7 in Polearms
  1059 | D:2      | Reached XP level 4. HP: 18/35 MP: 4/4
  1313 | D:2      | You fall into a shaft and drop 2 floors!
  1313 | D:4      | Found a bloodstained altar of Trog.
  1314 | D:4      | Noticed a moth of wrath
  1343 | D:4      | Slain by a hound

Illustrated notes

Levels and vault maps discovered:
D:1:      kennysheep_arrival_seaside, layout_loops_ring
D:2:      layout_loops_ring, roderic_lattice_a
D:4:      layout_loops_ring, tgw_trog, enter_ossuary_2

Skill      XL: |  1  2  3 |
---------------+----------+-----
Polearms       | 5 6 7 |  7.3
Fighting       | |  3.2
Armour         | |  1.3
Dodging        | |  2.6

Action                   |  1- 3 |  4- 6 || total
-------------------------+-------+-------++-------
Melee: Spear             |    83 |    28 ||   111
Invok: Berserk           |     2 |     1 ||     3
  Use: Potion            |     3 |       ||     3
       Scroll            |     2 |       ||     2
  Eat: Chunk             |     1 |     3 ||     4
Armor: Ring mail         |    23 |     3 ||    26
Dodge: Dodged            |    40 |    16 ||    56
